Sound Tigers vs Condors
Created - Saturday, November 30, 2024 at 01:05
Goals
|
Sound Tigers |
0 |
0 |
1 |
1 |
Condors |
1 |
1 |
0 |
2 |
|
Shots
|
Sound Tigers |
8 |
5 |
5 |
18 |
Condors |
5 |
23 |
15 |
43 |
|
1st period
1. Condors , Kyle Rau 8 (Cameron Wright 12, Steven Fogarty 12) at 0:51
Penalties :
Brendan Gaunce (BAK) for Goalie Interference (Minor) at 10:17, Tim Gettinger (BRI) for Roughing (Minor) at 12:14, Tobias Bjornfot (BRI) for Holding (Minor) at 12:33, Patrik Koch (BAK) for Interference (Minor) at 18:08
2nd period
2. Condors , Isak Rosen 10 (Mason Jobst 13, Brendan Gaunce 17) at 13:53
Penalties :
Bryan Yoon (BAK) for High sticking (Minor) at 0:30, Timur Ibragimov (BRI) for Tripping (Minor) at 0:30, Mason Shaw (BRI) for Tripping (Minor) at 3:28, Helge Grans (BRI) for Hooking (Minor) at 11:13, Nate Clurman (BRI) for Roughing (Minor) at 14:21, Mason Shaw (BRI) for Tripping (Minor) at 17:26
3rd period
3. Sound Tigers , Callahan Burke 6 (Nate Clurman 3, Timur Ibragimov 7) at 15:13
Penalties :
Liam O'Brien (BRI) for Boarding (Minor) at 0:54, Liam O'Brien (BRI) for Tripping (Minor) at 5:25, Kyle Rau (BAK) for Slashing (Minor) at 8:33, Aidan Fulp (BAK) for Interference (Minor) at 12:47, Devante Stephens (BRI) for Interference (Minor) at 16:10
Goalie Stats
Kevin Mandolese (BRI), 41 saves from 43 shots - (0.953), L, 3-5-1, 59:01 minutes
Peyton Jones (BAK), 17 saves from 18 shots - (0.944), W, 7-11-2, 60:00 minutes
Players Stats for Sound Tigers
Player Name G A P +/- PIM S H SB GA TA FO MP PP MP PK MP
------------------------------------------------------------------------------------
Austin Czarnik 0 0 0 -1 0 1 0 0 0 0 5/11 13:20 4:47 3:36
Callahan Burke 1 0 1 1 0 6 0 0 0 0 8/15 13:07 0:02 0:00
Devante Stephens 0 0 0 0 2 1 0 1 0 0 0/0 22:01 4:31 5:56
Dominic Franco 0 0 0 1 0 1 1 0 0 0 0/0 13:03 0:00 0:00
Helge Grans 0 0 0 0 2 0 2 0 0 0 0/0 22:11 3:00 6:33
Jimmy Schuldt 0 0 0 -1 0 0 3 1 0 0 0/0 25:48 4:05 8:45
Kyle Betts 0 0 0 -1 0 0 0 0 0 0 4/11 6:09 0:00 0:00
Liam O'Brien 0 0 0 -2 4 3 3 1 0 0 3/12 21:23 4:13 5:52
Logan Morrison 0 0 0 0 0 0 2 0 0 0 10/23 20:59 3:05 6:35
Mason Shaw 0 0 0 0 4 0 1 0 0 0 0/0 12:40 2:37 0:00
Nate Clurman 0 1 1 0 2 1 4 2 0 0 0/0 16:47 0:30 5:24
Noel Hoefenmayer 0 0 0 0 0 0 5 1 0 0 0/0 17:50 2:07 1:53
Philippe Maillet 0 0 0 -1 0 0 1 1 0 0 8/12 20:13 4:47 9:04
Ryan Francis 0 0 0 -1 0 1 0 0 0 0 0/0 6:09 0:00 0:00
Tim Gettinger 0 0 0 0 2 0 1 0 0 0 1/2 14:26 3:06 1:15
Timur Ibragimov 0 1 1 1 2 4 0 0 0 0 5/12 16:37 0:00 3:45
Tobias Bjornfot 0 0 0 -1 2 0 0 2 0 0 0/0 14:12 1:35 3:35
Ty Glover 0 0 0 0 0 0 1 0 0 0 1/1 3:05 1:04 0:42
Players Stats for Condors
Player Name G A P +/- PIM S H SB GA TA FO MP PP MP PK MP
------------------------------------------------------------------------------------
Aidan Fulp 0 0 0 0 2 0 2 0 0 0 0/0 21:02 8:33 2:37
Alex Belzile 0 0 0 0 0 3 3 0 0 0 15/22 19:45 8:54 4:34
Brendan Gaunce 0 1 1 1 2 2 4 0 0 0 17/31 20:13 7:15 2:32
Bryan Yoon 0 0 0 0 2 1 0 3 0 0 0/0 14:57 0:34 1:39
Cameron Wright 0 1 1 0 0 7 2 0 0 0 0/0 13:27 0:00 0:00
Dean Stewart 0 0 0 0 0 0 0 0 0 0 0/0 21:36 8:00 3:43
Isak Rosen 1 0 1 1 0 5 0 0 0 0 1/2 17:11 7:15 0:08
Jack Studnicka 0 0 0 0 0 5 4 0 0 0 2/2 17:02 8:20 3:08
Jan Mysak 0 0 0 0 0 1 0 0 0 0 0/0 0:38 0:34 0:00
Joel Kiviranta 0 0 0 0 0 8 0 0 0 0 4/12 23:18 8:20 2:59
Joseph Duszak 0 0 0 1 0 3 1 0 0 0 0/0 23:20 6:45 3:16
Kyle Rau 1 0 1 0 2 1 0 0 0 0 1/1 14:04 0:00 0:38
Mason Jobst 0 1 1 1 0 1 3 0 0 0 2/3 17:03 7:15 0:00
Matthew Strome 0 0 0 0 0 0 1 0 0 0 0/0 5:46 0:00 0:00
Patrik Koch 0 0 0 0 2 0 2 0 0 0 0/0 15:06 1:30 0:52
Steven Fogarty 0 1 1 0 0 4 1 0 0 0 9/14 14:01 0:34 0:00
Tristen Nielsen 0 0 0 0 0 0 0 0 0 0 3/12 7:43 0:00 1:57
Xavier Ouellet 0 0 0 1 0 2 4 1 0 0 0/0 23:48 6:56 3:33
3 Stars
1 - Kevin Mandolese (BRI)
2 - Isak Rosen (BAK)
3 - Mason Jobst (BAK)
Power Play
Sound Tigers - 0 on 4 Attempt(s) - 0.00%
Condors - 0 on 9 Attempt(s) - 0.00%
Penalty Kill
Sound Tigers - 9 on 9 Attempt(s) - 100.00%
- Score 0 goal in Penalty Kill
Condors - 4 on 4 Attempt(s) - 100.00%
- Score 0 goal in Penalty Kill
Team Stat
Sound Tigers - Hits : 24 - Faceoff Wins : 45 - Blocked Shots : 9 - Penalty Minutes : 20
Condors - Hits : 27 - Faceoff Wins : 54 - Blocked Shots : 4 - Penalty Minutes : 10
Official
Referees : Carter Sandlak and Marc Joannette
Linesman : Ryan Jackson and Jesse Marquis
Game Notes
Tobias Bjornfot is injured at 17:43 of 2nd period (Torso)
Finance
Level 1 -- Attendance: 2000 (100.00%) -- Ticket Income $70,000
Level 2 -- Attendance: 1000 (100.00%) -- Ticket Income $15,000
Total Attendance: 3000 (100.00%)
Total Ticket Income: $85,000
Other Income: $41,650
Total Income: $126,650
Sound Tigers
5 vs 5 Forward
Center Left Wing Right Wing Time % Phy DF OF
1 Philippe Maillet Liam O'Brien Austin Czarnik 25 1 2 2
2 Logan Morrison Mason Shaw Tim Gettinger 25 1 2 2
3 Callahan Burke Timur Ibragimov Dominic Franco 25 1 2 2
4 Kyle Betts Liam O'Brien Ryan Francis 25 1 2 2
5 vs 5 Defense
Defense Defense Time % Phy DF OF
1 Jimmy Schuldt Tobias Bjornfot 40 1 2 2
2 Helge Grans Devante Stephens 35 1 2 2
3 Noel Hoefenmayer Nate Clurman 25 1 2 2
4 Jimmy Schuldt Tobias Bjornfot 0 1 2 2
PowerPlay Forward
Center Left Wing Right Wing Time % Phy DF OF
1 Philippe Maillet Liam O'Brien Austin Czarnik 60 0 0 5
2 Logan Morrison Mason Shaw Tim Gettinger 40 0 0 5
PowerPlay Defense
Defense Defense Time % Phy DF OF
1 Jimmy Schuldt Tobias Bjornfot 60 0 0 5
2 Helge Grans Devante Stephens 40 0 0 5
Penalty Kill 4 Players Forward
Center Wing Time % Phy DF OF
1 Liam O'Brien Philippe Maillet 60 0 5 0
2 Austin Czarnik Logan Morrison 40 0 5 0
Penalty Kill 4 Players Defense
Defense Defense Time % Phy DF OF
1 Jimmy Schuldt Tobias Bjornfot 60 0 5 0
2 Helge Grans Devante Stephens 40 0 5 0
Penalty Kill - 3 Players Forward
Forward Time % Phy DF OF
1 Liam O'Brien 60 0 5 0
2 Philippe Maillet 40 0 5 0
Penalty Kill - 3 Players Defense
Defense Defense Time % Phy DF OF
1 Jimmy Schuldt Tobias Bjornfot 60 0 5 0
2 Helge Grans Devante Stephens 40 0 5 0
4 vs 4 Forward
Center Wing Time % Phy DF OF
1 Liam O'Brien Philippe Maillet 60 1 2 2
2 Austin Czarnik Logan Morrison 40 1 2 2
4 vs 4 Defense
Defense Defense Time % Phy DF OF
1 Jimmy Schuldt Tobias Bjornfot 60 1 2 2
2 Helge Grans Devante Stephens 40 1 2 2
Last Minutes Offensive
Center Left Wing Right Wing Defense Defense
Philippe Maillet Liam O'Brien Austin Czarnik Jimmy Schuldt Tobias Bjornfot
Last Minutes Defensive
Center Left Wing Right Wing Defense Defense
Philippe Maillet Liam O'Brien Austin Czarnik Jimmy Schuldt Tobias Bjornfot
Goaltenders
Starting : Kevin Mandolese
Backup : Erik Portillo
Extra Forwards
Normal : Ty Glover, Callahan Burke, Timur Ibragimov - PP : Ty Glover, Callahan Burke - PK : Timur Ibragimov
Extra Defensemen
Normal : Noel Hoefenmayer, Nate Clurman, Helge Grans - PP : Noel Hoefenmayer - PK : Nate Clurman, Helge Grans
Penalty Shots
Liam O'Brien, Philippe Maillet, Austin Czarnik, Logan Morrison, Mason Shaw
Custom OT Lines Forwards
Liam O'Brien, Philippe Maillet, Austin Czarnik, Logan Morrison, Mason Shaw, Tim Gettinger, Callahan Burke, Timur Ibragimov, Dominic Franco, Kyle Betts
Custom OT Lines Defensemen
Jimmy Schuldt, Tobias Bjornfot, Helge Grans, Devante Stephens, Noel Hoefenmayer
Scratches
Matteo Pietroniro (Healthy), Dmitri Zlodeyev (Healthy), Adam Karashik (Healthy), Riley McKay (Healthy), Keaton Thompson (Healthy)
Matt Stienburg (Healthy), William Lagesson (Healthy)
Condors
5 vs 5 Forward
Center Left Wing Right Wing Time % Phy DF OF
1 Alex Belzile Joel Kiviranta Jack Studnicka 25 1 2 2
2 Brendan Gaunce Mason Jobst Isak Rosen 25 1 2 2
3 Steven Fogarty Kyle Rau Cameron Wright 25 1 2 2
4 Tristen Nielsen Matthew Strome Joel Kiviranta 25 1 2 2
5 vs 5 Defense
Defense Defense Time % Phy DF OF
1 Xavier Ouellet Joseph Duszak 25 1 2 2
2 Dean Stewart Aidan Fulp 25 1 2 2
3 Patrik Koch Bryan Yoon 25 1 2 2
4 Xavier Ouellet Joseph Duszak 25 1 2 2
PowerPlay Forward
Center Left Wing Right Wing Time % Phy DF OF
1 Alex Belzile Joel Kiviranta Jack Studnicka 60 1 2 2
2 Brendan Gaunce Mason Jobst Isak Rosen 40 1 2 2
PowerPlay Defense
Defense Defense Time % Phy DF OF
1 Xavier Ouellet Joseph Duszak 60 1 2 2
2 Dean Stewart Aidan Fulp 40 1 2 2
Penalty Kill 4 Players Forward
Center Wing Time % Phy DF OF
1 Joel Kiviranta Alex Belzile 60 1 2 2
2 Jack Studnicka Brendan Gaunce 40 1 2 2
Penalty Kill 4 Players Defense
Defense Defense Time % Phy DF OF
1 Xavier Ouellet Joseph Duszak 60 1 2 2
2 Dean Stewart Aidan Fulp 40 1 2 2
Penalty Kill - 3 Players Forward
Forward Time % Phy DF OF
1 Joel Kiviranta 60 1 2 2
2 Alex Belzile 40 1 2 2
Penalty Kill - 3 Players Defense
Defense Defense Time % Phy DF OF
1 Xavier Ouellet Joseph Duszak 60 1 2 2
2 Dean Stewart Aidan Fulp 40 1 2 2
4 vs 4 Forward
Center Wing Time % Phy DF OF
1 Joel Kiviranta Alex Belzile 60 1 2 2
2 Jack Studnicka Brendan Gaunce 40 1 2 2
4 vs 4 Defense
Defense Defense Time % Phy DF OF
1 Xavier Ouellet Joseph Duszak 60 1 2 2
2 Dean Stewart Aidan Fulp 40 1 2 2
Last Minutes Offensive
Center Left Wing Right Wing Defense Defense
Alex Belzile Joel Kiviranta Jack Studnicka Xavier Ouellet Joseph Duszak
Last Minutes Defensive
Center Left Wing Right Wing Defense Defense
Alex Belzile Joel Kiviranta Jack Studnicka Xavier Ouellet Joseph Duszak
Goaltenders
Starting : Peyton Jones
Backup : Matt Tomkins
Extra Forwards
Normal : Jan Mysak, Steven Fogarty, Tristen Nielsen - PP : Jan Mysak, Steven Fogarty - PK : Tristen Nielsen
Extra Defensemen
Normal : Patrik Koch, Bryan Yoon, Dean Stewart - PP : Patrik Koch - PK : Bryan Yoon, Dean Stewart
Penalty Shots
Joel Kiviranta, Alex Belzile, Jack Studnicka, Brendan Gaunce, Isak Rosen
Custom OT Lines Forwards
Joel Kiviranta, Alex Belzile, Jack Studnicka, Brendan Gaunce, Isak Rosen, Steven Fogarty, Mason Jobst, Tristen Nielsen, Kyle Rau, Cameron Wright
Custom OT Lines Defensemen
Xavier Ouellet, Joseph Duszak, Dean Stewart, Aidan Fulp, Patrik Koch
Scratches
Austin Osmanski (Healthy), Cavan Fitzgerald (Healthy), Louis Boudon (Healthy), Casey Dornbach (Healthy), Jarid Lukosevicius (Healthy)
Alex Kannok Leipert (Healthy), Matej Pekar (Healthy), Ken Appleby (Healthy), Dustin Tokarski (Healthy)
% Time on Ice - Sound TigersLines # - Real PCT - Wanted PCT - Time Play
Normal Forward
1 - 13% - 25% - 4:11
2 - 30% - 25% - 10:05
3 - 39% - 25% - 13:03
4 - 18% - 25% - 6:09
Normal Defense
1 - 40% - 40% - 13:22
2 - 30% - 35% - 10:01
3 - 30% - 25% - 10:05
4 - 0% - 0% - 0:00
PP Forward
1 - 61% - 60% - 4:47
2 - 39% - 40% - 3:07
PP Defense
1 - 62% - 60% - 4:56
2 - 38% - 40% - 2:58
PK Forward
1 - 75% - 60% - 10:53
2 - 25% - 40% - 3:36
PK Defense
1 - 55% - 60% - 7:55
2 - 45% - 40% - 6:34
PK3 Forward
1 - 83% - 60% - 1:23
2 - 17% - 40% - 0:17
PK3 Defense
1 - 67% - 60% - 1:07
2 - 33% - 40% - 0:33
44 Forward
1 - 85% - 60% - 1:43
2 - 15% - 40% - 0:18
44 Defense
1 - 85% - 60% - 1:43
2 - 15% - 40% - 0:18
Last Minute Offensive - 0:28
Last Minute Defensive - 0:00
Total
Forward - 60:00
Defense - 60:00
|
% Time on Ice - CondorsLines # - Real PCT - Wanted PCT - Time Play
Normal Forward
1 - 14% - 25% - 4:52
2 - 29% - 25% - 9:48
3 - 40% - 25% - 13:27
4 - 17% - 25% - 5:46
Normal Defense
1 - 18% - 25% - 6:14
2 - 26% - 25% - 8:56
3 - 38% - 25% - 12:45
4 - 18% - 25% - 5:58
PP Forward
1 - 55% - 60% - 8:54
2 - 45% - 40% - 7:15
PP Defense
1 - 47% - 60% - 7:36
2 - 53% - 40% - 8:33
PK Forward
1 - 60% - 60% - 4:46
2 - 40% - 40% - 3:08
PK Defense
1 - 49% - 60% - 3:50
2 - 51% - 40% - 4:04
PK3 Forward
1 - 0% - 60%
2 - 0% - 40%
PK3 Defense
1 - 0% - 60%
2 - 0% - 40%
44 Forward
1 - 68% - 60% - 1:22
2 - 32% - 40% - 0:39
44 Defense
1 - 53% - 60% - 1:04
2 - 47% - 40% - 0:57
Last Minute Offensive - 0:00
Last Minute Defensive - 0:03
Total
Forward - 60:00
Defense - 60:00
|
Play-by-Play
1st period
0:01 of 1st period - Austin Czarnik wins face-off versus Alex Belzile in neutral zone.
0:43 of 1st period - Icing by Jimmy Schuldt.
0:44 of 1st period - Steven Fogarty wins face-off versus Philippe Maillet in Sound Tigers zone.
0:49 of 1st period - Shot by Kyle Rau.
0:49 of 1st period - Shot Misses the Net.
0:51 of 1st period - Shot by Kyle Rau.
0:51 of 1st period - Goal by Kyle Rau - Sound Tigers : 0 - Condors : 1.
0:52 of 1st period - Brendan Gaunce wins face-off versus Logan Morrison in neutral zone.
1:17 of 1st period - Shot by Mason Shaw.
1:17 of 1st period - Shot Misses the Net.
2:32 of 1st period - Icing by Patrik Koch.
2:33 of 1st period - Kyle Betts wins face-off versus Steven Fogarty in Condors zone.
2:34 of 1st period - Shot by Liam O'Brien.
2:34 of 1st period - Stopped by Peyton Jones without a rebound.
2:35 of 1st period - Kyle Betts wins face-off versus Tristen Nielsen in Condors zone.
2:57 of 1st period - Shot by Tristen Nielsen.
2:57 of 1st period - Shot Blocked by Jimmy Schuldt.
2:59 of 1st period - Shot by Joseph Duszak.
2:59 of 1st period - Stopped by Kevin Mandolese without a rebound.
3:00 of 1st period - Callahan Burke wins face-off versus Brendan Gaunce in Sound Tigers zone.
3:06 of 1st period - Off-side.
3:07 of 1st period - Brendan Gaunce wins face-off versus Callahan Burke in neutral zone.
3:19 of 1st period - Icing by Dean Stewart.
3:20 of 1st period - Brendan Gaunce wins face-off versus Kyle Betts in Condors zone.
3:22 of 1st period - Icing by Aidan Fulp.
3:23 of 1st period - Brendan Gaunce wins face-off versus Kyle Betts in Condors zone.
3:23 of 1st period - Brendan Gaunce is hit by Liam O'Brien.
3:48 of 1st period - Brendan Gaunce is hit by Jimmy Schuldt and loses puck.
4:15 of 1st period - Icing by Xavier Ouellet.
4:16 of 1st period - Callahan Burke wins face-off versus Tristen Nielsen in Condors zone.
4:16 of 1st period - Callahan Burke is hit by Xavier Ouellet.
4:28 of 1st period - Shot by Dominic Franco.
4:28 of 1st period - Stopped by Peyton Jones without a rebound.
4:29 of 1st period - Steven Fogarty wins face-off versus Logan Morrison in Condors zone.
4:42 of 1st period - Shot by Mason Shaw.
4:42 of 1st period - Shot Misses the Net.
4:44 of 1st period - Shot by Nate Clurman.
4:44 of 1st period - Stopped by Peyton Jones without a rebound.
4:45 of 1st period - Callahan Burke wins face-off versus Alex Belzile in Condors zone.
4:58 of 1st period - Timur Ibragimov is hit by Alex Belzile and loses puck.
5:16 of 1st period - Shot by Callahan Burke.
5:16 of 1st period - Stopped by Peyton Jones with a rebound.
5:19 of 1st period - Icing by Joseph Duszak.
5:20 of 1st period - Alex Belzile wins face-off versus Logan Morrison in Condors zone.
6:24 of 1st period - Icing by Liam O'Brien.
6:25 of 1st period - Philippe Maillet wins face-off versus Brendan Gaunce in Sound Tigers zone.
6:32 of 1st period - Shot by Brendan Gaunce.
6:32 of 1st period - Shot Misses the Net.
7:31 of 1st period - Shot by Timur Ibragimov.
7:31 of 1st period - Stopped by Peyton Jones without a rebound.
7:32 of 1st period - Tristen Nielsen wins face-off versus Logan Morrison in Condors zone.
7:32 of 1st period - Tristen Nielsen is hit by Logan Morrison.
7:39 of 1st period - Off-side.
7:40 of 1st period - Logan Morrison wins face-off versus Tristen Nielsen in neutral zone.
7:49 of 1st period - Xavier Ouellet is hit by Mason Shaw and loses puck.
8:01 of 1st period - Joseph Duszak is hit by Nate Clurman and loses puck.
8:09 of 1st period - Icing by Logan Morrison.
8:10 of 1st period - Steven Fogarty wins face-off versus Tim Gettinger in Sound Tigers zone.
8:10 of 1st period - Kyle Rau is hit by Nate Clurman and loses puck.
9:14 of 1st period - Shot by Jack Studnicka.
9:14 of 1st period - Shot Misses the Net.
10:17 of 1st period - Minor Penalty to Brendan Gaunce for Goalie Interference.
10:18 of 1st period - Joel Kiviranta wins face-off versus Logan Morrison in Condors zone.
11:02 of 1st period - Off-side.
11:03 of 1st period - Jack Studnicka wins face-off versus Philippe Maillet in neutral zone.
12:13 of 1st period - Kyle Rau is hit by Ty Glover and loses puck.
12:14 of 1st period - Minor Penalty to Tim Gettinger for Roughing.
12:15 of 1st period - Joel Kiviranta wins face-off versus Callahan Burke in Sound Tigers zone.
12:16 of 1st period - Shot by Alex Belzile.
12:16 of 1st period - Deflect By Joel Kiviranta.
12:16 of 1st period - Stopped by Kevin Mandolese with a rebound.
12:33 of 1st period - Minor Penalty to Tobias Bjornfot for Holding.
12:34 of 1st period - Brendan Gaunce wins face-off versus Timur Ibragimov in Sound Tigers zone.
13:11 of 1st period - Jimmy Schuldt is hit by Mason Jobst and loses puck.
13:44 of 1st period - Shot by Xavier Ouellet.
13:44 of 1st period - Shot Misses the Net.
13:46 of 1st period - Shot by Joel Kiviranta.
13:46 of 1st period - Shot Misses the Net.
13:48 of 1st period - Shot by Joseph Duszak.
13:48 of 1st period - Shot Misses the Net.
14:22 of 1st period - Shot by Steven Fogarty.
14:22 of 1st period - Shot Misses the Net.
14:50 of 1st period - Shot by Tristen Nielsen.
14:50 of 1st period - Shot Misses the Net.
14:52 of 1st period - Shot by Joel Kiviranta.
14:52 of 1st period - Stopped by Kevin Mandolese without a rebound.
14:53 of 1st period - Steven Fogarty wins face-off versus Kyle Betts in Sound Tigers zone.
14:53 of 1st period - Steven Fogarty is hit by Noel Hoefenmayer.
15:02 of 1st period - Icing by Tobias Bjornfot.
15:03 of 1st period - Brendan Gaunce wins face-off versus Kyle Betts in Sound Tigers zone.
15:36 of 1st period - Shot by Timur Ibragimov.
15:36 of 1st period - Deflect By Callahan Burke.
15:36 of 1st period - Stopped by Peyton Jones with a rebound.
16:01 of 1st period - Shot by Cameron Wright.
16:01 of 1st period - Stopped by Kevin Mandolese without a rebound.
16:02 of 1st period - Logan Morrison wins face-off versus Tristen Nielsen in Sound Tigers zone.
16:07 of 1st period - Tim Gettinger is hit by Matthew Strome and loses puck.
17:18 of 1st period - Shot by Austin Czarnik.
17:18 of 1st period - Deflect By Philippe Maillet.
17:18 of 1st period - Shot Misses the Net.
17:29 of 1st period - Icing by Xavier Ouellet.
17:30 of 1st period - Callahan Burke wins face-off versus Steven Fogarty in Condors zone.
17:47 of 1st period - Shot by Callahan Burke.
17:47 of 1st period - Stopped by Peyton Jones with a rebound.
17:49 of 1st period - Shot by Dominic Franco.
17:49 of 1st period - Deflect By Timur Ibragimov.
17:49 of 1st period - Stopped by Peyton Jones without a rebound.
17:50 of 1st period - Alex Belzile wins face-off versus Logan Morrison in Condors zone.
17:55 of 1st period - Shot by Joel Kiviranta.
17:55 of 1st period - Shot Misses the Net.
18:08 of 1st period - Minor Penalty to Patrik Koch for Interference.
18:09 of 1st period - Austin Czarnik wins face-off versus Joel Kiviranta in Condors zone.
18:13 of 1st period - Philippe Maillet is hit by Aidan Fulp.
18:57 of 1st period - Shot by Jimmy Schuldt.
18:57 of 1st period - Shot Blocked by Xavier Ouellet.
19:32 of 1st period - Jack Studnicka is hit by Helge Grans and loses puck.
Goals for this period are 0 for Sound Tigers vs 1 for Condors.
Shots for this period are 8 for Sound Tigers vs 5 for Condors.
2nd period
0:01 of 2nd period - Philippe Maillet wins face-off versus Joel Kiviranta in neutral zone.
0:30 of 2nd period - Minor Penalty to Bryan Yoon for High sticking.
0:30 of 2nd period - Minor Penalty to Timur Ibragimov for Tripping.
0:31 of 2nd period - Joel Kiviranta wins face-off versus Liam O'Brien in Condors zone.
0:44 of 2nd period - Shot by Alex Belzile.
0:44 of 2nd period - Shot Misses the Net.
0:46 of 2nd period - Shot by Xavier Ouellet.
0:46 of 2nd period - Shot Misses the Net.
1:20 of 2nd period - Shot by Jack Studnicka.
1:20 of 2nd period - Shot Blocked by Tobias Bjornfot.
1:35 of 2nd period - Brendan Gaunce is hit by Jimmy Schuldt and loses puck.
2:11 of 2nd period - Shot by Alex Belzile.
2:11 of 2nd period - Deflect By Joel Kiviranta.
2:11 of 2nd period - Stopped by Kevin Mandolese without a rebound.
2:12 of 2nd period - Alex Belzile wins face-off versus Austin Czarnik in Sound Tigers zone.
2:13 of 2nd period - Shot by Jan Mysak.
2:13 of 2nd period - Deflect By Alex Belzile.
2:13 of 2nd period - Shot Misses the Net.
2:15 of 2nd period - Shot by Jan Mysak.
2:15 of 2nd period - Stopped by Kevin Mandolese without a rebound.
2:16 of 2nd period - Austin Czarnik wins face-off versus Joel Kiviranta in Sound Tigers zone.
2:33 of 2nd period - Shot by Callahan Burke.
2:33 of 2nd period - Shot Blocked by Bryan Yoon.
2:51 of 2nd period - Shot by Callahan Burke.
2:51 of 2nd period - Deflect By Timur Ibragimov.
2:51 of 2nd period - Stopped by Peyton Jones without a rebound.
2:52 of 2nd period - Logan Morrison wins face-off versus Brendan Gaunce in Condors zone.
3:28 of 2nd period - Minor Penalty to Mason Shaw for Tripping.
3:29 of 2nd period - Timur Ibragimov wins face-off versus Alex Belzile in Sound Tigers zone.
3:50 of 2nd period - Shot by Alex Belzile.
3:50 of 2nd period - Stopped by Kevin Mandolese without a rebound.
3:51 of 2nd period - Mason Jobst wins face-off versus Austin Czarnik in Sound Tigers zone.
4:18 of 2nd period - Icing by Dean Stewart.
4:19 of 2nd period - Logan Morrison wins face-off versus Brendan Gaunce in Condors zone.
4:37 of 2nd period - Off-side.
4:38 of 2nd period - Alex Belzile wins face-off versus Liam O'Brien in neutral zone.
5:35 of 2nd period - Steven Fogarty is hit by Noel Hoefenmayer and loses puck.
5:59 of 2nd period - Steven Fogarty is hit by Tim Gettinger and loses puck.
6:16 of 2nd period - Shot by Callahan Burke.
6:16 of 2nd period - Stopped by Peyton Jones without a rebound.
6:17 of 2nd period - Callahan Burke wins face-off versus Isak Rosen in Condors zone.
6:39 of 2nd period - Shot by Brendan Gaunce.
6:39 of 2nd period - Shot Misses the Net.
6:41 of 2nd period - Shot by Mason Jobst.
6:41 of 2nd period - Stopped by Kevin Mandolese with a rebound.
6:43 of 2nd period - Shot by Mason Jobst.
6:43 of 2nd period - Shot Misses the Net.
6:45 of 2nd period - Shot by Brendan Gaunce.
6:45 of 2nd period - Shot Misses the Net.
6:47 of 2nd period - Shot by Isak Rosen.
6:47 of 2nd period - Stopped by Kevin Mandolese without a rebound.
6:48 of 2nd period - Philippe Maillet wins face-off versus Tristen Nielsen in Sound Tigers zone.
6:50 of 2nd period - Icing by Austin Czarnik.
6:51 of 2nd period - Philippe Maillet wins face-off versus Tristen Nielsen in Sound Tigers zone.
7:05 of 2nd period - Shot by Xavier Ouellet.
7:05 of 2nd period - Shot Blocked by Noel Hoefenmayer.
7:52 of 2nd period - Shot by Cameron Wright.
7:52 of 2nd period - Stopped by Kevin Mandolese without a rebound.
7:53 of 2nd period - Brendan Gaunce wins face-off versus Logan Morrison in Sound Tigers zone.
8:02 of 2nd period - Shot by Brendan Gaunce.
8:02 of 2nd period - Stopped by Kevin Mandolese without a rebound.
8:03 of 2nd period - Steven Fogarty wins face-off versus Callahan Burke in Sound Tigers zone.
8:48 of 2nd period - Off-side.
8:49 of 2nd period - Alex Belzile wins face-off versus Logan Morrison in neutral zone.
9:07 of 2nd period - Tim Gettinger is hit by Xavier Ouellet and loses puck.
9:18 of 2nd period - Shot by Joel Kiviranta.
9:18 of 2nd period - Shot Misses the Net.
9:20 of 2nd period - Shot by Xavier Ouellet.
9:20 of 2nd period - Shot Misses the Net.
9:29 of 2nd period - Logan Morrison is hit by Jack Studnicka and loses puck.
10:13 of 2nd period - Icing by Bryan Yoon.
10:14 of 2nd period - Callahan Burke wins face-off versus Brendan Gaunce in Condors zone.
10:27 of 2nd period - Helge Grans is hit by Mason Jobst and loses puck.
11:13 of 2nd period - Minor Penalty to Helge Grans for Hooking.
11:14 of 2nd period - Liam O'Brien wins face-off versus Alex Belzile in Sound Tigers zone.
11:14 of 2nd period - Liam O'Brien is hit by Jack Studnicka.
11:32 of 2nd period - Shot by Jack Studnicka.
11:32 of 2nd period - Stopped by Kevin Mandolese with a rebound.
11:34 of 2nd period - Shot by Xavier Ouellet.
11:34 of 2nd period - Shot Misses the Net.
12:10 of 2nd period - Icing by Mason Jobst.
12:11 of 2nd period - Brendan Gaunce wins face-off versus Liam O'Brien in Condors zone.
12:18 of 2nd period - Devante Stephens is hit by Mason Jobst and loses puck.
12:27 of 2nd period - Shot by Brendan Gaunce.
12:27 of 2nd period - Stopped by Kevin Mandolese without a rebound.
12:28 of 2nd period - Alex Belzile wins face-off versus Austin Czarnik in Sound Tigers zone.
12:38 of 2nd period - Jack Studnicka is hit by Jimmy Schuldt and loses puck.
13:21 of 2nd period - Shot by Steven Fogarty.
13:21 of 2nd period - Stopped by Kevin Mandolese without a rebound.
13:22 of 2nd period - Steven Fogarty wins face-off versus Timur Ibragimov in Sound Tigers zone.
13:32 of 2nd period - Timur Ibragimov is hit by Steven Fogarty and loses puck.
13:49 of 2nd period - Shot by Cameron Wright.
13:49 of 2nd period - Stopped by Kevin Mandolese without a rebound.
13:50 of 2nd period - Brendan Gaunce wins face-off versus Kyle Betts in Sound Tigers zone.
13:53 of 2nd period - Shot by Mason Jobst.
13:53 of 2nd period - Deflect By Isak Rosen.
13:53 of 2nd period - Goal by Isak Rosen - Sound Tigers : 0 - Condors : 2.
13:54 of 2nd period - Kyle Betts wins face-off versus Brendan Gaunce in neutral zone.
14:02 of 2nd period - Icing by Nate Clurman.
14:03 of 2nd period - Steven Fogarty wins face-off versus Kyle Betts in Sound Tigers zone.
14:03 of 2nd period - Kyle Rau is hit by Noel Hoefenmayer and loses puck.
14:09 of 2nd period - Kyle Rau is hit by Noel Hoefenmayer and loses puck.
14:21 of 2nd period - Minor Penalty to Nate Clurman for Roughing.
14:22 of 2nd period - Liam O'Brien wins face-off versus Joel Kiviranta in Sound Tigers zone.
14:33 of 2nd period - Shot by Dean Stewart.
14:33 of 2nd period - Shot Misses the Net.
14:37 of 2nd period - Shot by Jack Studnicka.
14:37 of 2nd period - Stopped by Kevin Mandolese without a rebound.
14:38 of 2nd period - Isak Rosen wins face-off versus Liam O'Brien in Sound Tigers zone.
14:49 of 2nd period - Shot by Xavier Ouellet.
14:49 of 2nd period - Shot Blocked by Philippe Maillet.
14:51 of 2nd period - Shot by Joseph Duszak.
14:51 of 2nd period - Shot Misses the Net.
14:53 of 2nd period - Shot by Mason Jobst.
14:53 of 2nd period - Shot Misses the Net.
15:07 of 2nd period - Shot by Isak Rosen.
15:07 of 2nd period - Shot Misses the Net.
15:32 of 2nd period - Shot by Joel Kiviranta.
15:32 of 2nd period - Stopped by Kevin Mandolese with a rebound.
15:44 of 2nd period - Shot by Joel Kiviranta.
15:44 of 2nd period - Stopped by Kevin Mandolese without a rebound.
15:45 of 2nd period - Austin Czarnik wins face-off versus Alex Belzile in Sound Tigers zone.
16:04 of 2nd period - Helge Grans is hit by Jack Studnicka and loses puck.
16:25 of 2nd period - Shot by Cameron Wright.
16:25 of 2nd period - Stopped by Kevin Mandolese without a rebound.
16:26 of 2nd period - Steven Fogarty wins face-off versus Logan Morrison in Sound Tigers zone.
16:26 of 2nd period - Joseph Duszak is hit by Noel Hoefenmayer and loses puck.
16:41 of 2nd period - Shot by Cameron Wright.
16:41 of 2nd period - Stopped by Kevin Mandolese with a rebound.
16:43 of 2nd period - Shot by Steven Fogarty.
16:43 of 2nd period - Stopped by Kevin Mandolese without a rebound.
16:44 of 2nd period - Callahan Burke wins face-off versus Brendan Gaunce in Sound Tigers zone.
16:49 of 2nd period - Shot by Callahan Burke.
16:49 of 2nd period - Stopped by Peyton Jones without a rebound.
16:50 of 2nd period - Brendan Gaunce wins face-off versus Timur Ibragimov in Condors zone.
17:04 of 2nd period - Shot by Timur Ibragimov.
17:04 of 2nd period - Stopped by Peyton Jones without a rebound.
17:05 of 2nd period - Philippe Maillet wins face-off versus Steven Fogarty in Condors zone.
17:16 of 2nd period - Shot by Liam O'Brien.
17:16 of 2nd period - Deflect By Austin Czarnik.
17:16 of 2nd period - Shot Misses the Net.
17:18 of 2nd period - Shot by Devante Stephens.
17:18 of 2nd period - Stopped by Peyton Jones without a rebound.
17:19 of 2nd period - Logan Morrison wins face-off versus Tristen Nielsen in Condors zone.
17:26 of 2nd period - Minor Penalty to Mason Shaw for Tripping.
17:27 of 2nd period - Alex Belzile wins face-off versus Liam O'Brien in Sound Tigers zone.
17:43 of 2nd period - Shot by Alex Belzile.
17:43 of 2nd period - Shot Blocked by Tobias Bjornfot.
17:43 of 2nd period - Tobias Bjornfot from Sound Tigers is injured at 17:43 of 2nd period (Torso).
17:44 of 2nd period - Brendan Gaunce wins face-off versus Liam O'Brien in Sound Tigers zone.
17:47 of 2nd period - Shot by Isak Rosen.
17:47 of 2nd period - Shot Misses the Net.
17:49 of 2nd period - Shot by Isak Rosen.
17:49 of 2nd period - Shot Blocked by Devante Stephens.
17:51 of 2nd period - Shot by Aidan Fulp.
17:51 of 2nd period - Shot Hit the Post.
17:53 of 2nd period - Shot by Aidan Fulp.
17:53 of 2nd period - Shot Misses the Net.
17:55 of 2nd period - Shot by Isak Rosen.
17:55 of 2nd period - Shot Blocked by Liam O'Brien.
18:29 of 2nd period - Icing by Dean Stewart.
18:30 of 2nd period - Brendan Gaunce wins face-off versus Austin Czarnik in Condors zone.
18:48 of 2nd period - Shot by Joel Kiviranta.
18:48 of 2nd period - Stopped by Kevin Mandolese without a rebound.
18:49 of 2nd period - Alex Belzile wins face-off versus Liam O'Brien in Sound Tigers zone.
18:50 of 2nd period - Shot by Joseph Duszak.
18:50 of 2nd period - Stopped by Kevin Mandolese with a rebound.
19:00 of 2nd period - Shot by Joel Kiviranta.
19:00 of 2nd period - Deflect By Alex Belzile.
19:00 of 2nd period - Stopped by Kevin Mandolese without a rebound.
19:01 of 2nd period - Austin Czarnik wins face-off versus Joel Kiviranta in Sound Tigers zone.
19:01 of 2nd period - Austin Czarnik is hit by Alex Belzile.
19:11 of 2nd period - Shot by Joseph Duszak.
19:11 of 2nd period - Shot Misses the Net.
19:13 of 2nd period - Shot by Xavier Ouellet.
19:13 of 2nd period - Stopped by Kevin Mandolese with a rebound.
19:15 of 2nd period - Shot by Jack Studnicka.
19:15 of 2nd period - Stopped by Kevin Mandolese without a rebound.
19:16 of 2nd period - Brendan Gaunce wins face-off versus Austin Czarnik in Sound Tigers zone.
19:40 of 2nd period - Shot by Callahan Burke.
19:40 of 2nd period - Deflect By Timur Ibragimov.
19:40 of 2nd period - Shot Hit the Post.
19:42 of 2nd period - Shot by Timur Ibragimov.
19:42 of 2nd period - Shot Misses the Net.
19:44 of 2nd period - Shot by Noel Hoefenmayer.
19:44 of 2nd period - Shot Blocked by Bryan Yoon.
19:46 of 2nd period - Shot by Callahan Burke.
19:46 of 2nd period - Shot Misses the Net.
19:57 of 2nd period - Icing by Bryan Yoon.
19:58 of 2nd period - Logan Morrison wins face-off versus Steven Fogarty in Condors zone.
19:58 of 2nd period - Mason Shaw is hit by Patrik Koch and loses puck.
Goals for this period are 0 for Sound Tigers vs 1 for Condors.
Shots for this period are 5 for Sound Tigers vs 23 for Condors.
3rd period
0:01 of 3rd period - Philippe Maillet wins face-off versus Tristen Nielsen in neutral zone.
0:10 of 3rd period - Shot by Philippe Maillet.
0:10 of 3rd period - Shot Misses the Net.
0:13 of 3rd period - Icing by Xavier Ouellet.
0:14 of 3rd period - Tristen Nielsen wins face-off versus Logan Morrison in Condors zone.
0:54 of 3rd period - Minor Penalty to Liam O'Brien for Boarding.
0:55 of 3rd period - Timur Ibragimov wins face-off versus Brendan Gaunce in Sound Tigers zone.
0:55 of 3rd period - Timur Ibragimov is hit by Brendan Gaunce.
1:17 of 3rd period - Shot by Brendan Gaunce.
1:17 of 3rd period - Shot Blocked by Nate Clurman.
1:24 of 3rd period - Isak Rosen is hit by Nate Clurman and loses puck.
1:53 of 3rd period - Shot by Joel Kiviranta.
1:53 of 3rd period - Shot Misses the Net.
1:55 of 3rd period - Shot by Jack Studnicka.
1:55 of 3rd period - Stopped by Kevin Mandolese without a rebound.
1:56 of 3rd period - Logan Morrison wins face-off versus Alex Belzile in Sound Tigers zone.
1:56 of 3rd period - Logan Morrison is hit by Jack Studnicka.
2:05 of 3rd period - Off-side.
2:06 of 3rd period - Alex Belzile wins face-off versus Timur Ibragimov in neutral zone.
2:11 of 3rd period - Shot by Joel Kiviranta.
2:11 of 3rd period - Stopped by Kevin Mandolese with a rebound.
2:13 of 3rd period - Shot by Joseph Duszak.
2:13 of 3rd period - Stopped by Kevin Mandolese without a rebound.
2:14 of 3rd period - Alex Belzile wins face-off versus Timur Ibragimov in Sound Tigers zone.
2:30 of 3rd period - Icing by Alex Belzile.
2:31 of 3rd period - Philippe Maillet wins face-off versus Joel Kiviranta in Condors zone.
2:31 of 3rd period - Timur Ibragimov is hit by Joseph Duszak and loses puck.
2:35 of 3rd period - Icing by Xavier Ouellet.
2:36 of 3rd period - Alex Belzile wins face-off versus Timur Ibragimov in Condors zone.
2:36 of 3rd period - Alex Belzile is hit by Philippe Maillet.
2:46 of 3rd period - Shot by Joel Kiviranta.
2:46 of 3rd period - Stopped by Kevin Mandolese without a rebound.
2:47 of 3rd period - Brendan Gaunce wins face-off versus Austin Czarnik in Sound Tigers zone.
2:52 of 3rd period - Shot by Isak Rosen.
2:52 of 3rd period - Stopped by Kevin Mandolese without a rebound.
2:53 of 3rd period - Brendan Gaunce wins face-off versus Timur Ibragimov in Sound Tigers zone.
2:53 of 3rd period - Mason Jobst is hit by Nate Clurman.
3:24 of 3rd period - Shot by Cameron Wright.
3:24 of 3rd period - Stopped by Kevin Mandolese without a rebound.
3:25 of 3rd period - Logan Morrison wins face-off versus Brendan Gaunce in Sound Tigers zone.
3:29 of 3rd period - Mason Shaw is hit by Brendan Gaunce and loses puck.
3:44 of 3rd period - Off-side.
3:45 of 3rd period - Alex Belzile wins face-off versus Callahan Burke in neutral zone.
4:02 of 3rd period - Icing by Timur Ibragimov.
4:03 of 3rd period - Callahan Burke wins face-off versus Mason Jobst in Sound Tigers zone.
4:17 of 3rd period - Callahan Burke is hit by Brendan Gaunce and loses puck.
4:23 of 3rd period - Callahan Burke is hit by Aidan Fulp and loses puck.
5:25 of 3rd period - Minor Penalty to Liam O'Brien for Tripping.
5:26 of 3rd period - Logan Morrison wins face-off versus Brendan Gaunce in Sound Tigers zone.
5:34 of 3rd period - Off-side.
5:35 of 3rd period - Brendan Gaunce wins face-off versus Logan Morrison in neutral zone.
5:38 of 3rd period - Shot by Isak Rosen.
5:38 of 3rd period - Stopped by Kevin Mandolese with a rebound.
5:50 of 3rd period - Logan Morrison is hit by Brendan Gaunce and loses puck.
6:03 of 3rd period - Shot by Mason Jobst.
6:03 of 3rd period - Shot Misses the Net.
6:21 of 3rd period - Shot by Alex Belzile.
6:21 of 3rd period - Stopped by Kevin Mandolese without a rebound.
6:22 of 3rd period - Ty Glover wins face-off versus Alex Belzile in Sound Tigers zone.
6:22 of 3rd period - Ty Glover is hit by Alex Belzile.
7:01 of 3rd period - Icing by Isak Rosen.
7:02 of 3rd period - Mason Jobst wins face-off versus Logan Morrison in Condors zone.
7:02 of 3rd period - Mason Jobst is hit by Logan Morrison.
7:15 of 3rd period - Icing by Xavier Ouellet.
7:16 of 3rd period - Timur Ibragimov wins face-off versus Brendan Gaunce in Condors zone.
7:25 of 3rd period - Mason Jobst is hit by Liam O'Brien and loses puck.
7:40 of 3rd period - Shot by Ryan Francis.
7:40 of 3rd period - Stopped by Peyton Jones without a rebound.
7:41 of 3rd period - Tristen Nielsen wins face-off versus Logan Morrison in Condors zone.
8:25 of 3rd period - Logan Morrison is hit by Patrik Koch and loses puck.
8:33 of 3rd period - Minor Penalty to Kyle Rau for Slashing.
8:34 of 3rd period - Philippe Maillet wins face-off versus Brendan Gaunce in Condors zone.
8:39 of 3rd period - Shot by Austin Czarnik.
8:39 of 3rd period - Deflect By Liam O'Brien.
8:39 of 3rd period - Stopped by Peyton Jones without a rebound.
8:40 of 3rd period - Liam O'Brien wins face-off versus Joel Kiviranta in Condors zone.
8:40 of 3rd period - Liam O'Brien is hit by Xavier Ouellet.
8:47 of 3rd period - Philippe Maillet is hit by Xavier Ouellet.
10:13 of 3rd period - Shot by Jack Studnicka.
10:13 of 3rd period - Shot Misses the Net.
10:36 of 3rd period - Shot by Steven Fogarty.
10:36 of 3rd period - Shot Misses the Net.
10:38 of 3rd period - Shot by Bryan Yoon.
10:38 of 3rd period - Stopped by Kevin Mandolese with a rebound.
10:44 of 3rd period - Shot by Steven Fogarty.
10:44 of 3rd period - Stopped by Kevin Mandolese with a rebound.
10:46 of 3rd period - Shot by Kyle Rau.
10:46 of 3rd period - Shot Misses the Net.
11:02 of 3rd period - Shot by Cameron Wright.
11:02 of 3rd period - Shot Blocked by Nate Clurman.
11:04 of 3rd period - Shot by Steven Fogarty.
11:04 of 3rd period - Stopped by Kevin Mandolese without a rebound.
11:05 of 3rd period - Kyle Betts wins face-off versus Tristen Nielsen in Sound Tigers zone.
12:13 of 3rd period - Shot by Isak Rosen.
12:13 of 3rd period - Stopped by Kevin Mandolese without a rebound.
12:14 of 3rd period - Kyle Rau wins face-off versus Callahan Burke in Sound Tigers zone.
12:21 of 3rd period - Shot by Cameron Wright.
12:21 of 3rd period - Stopped by Kevin Mandolese without a rebound.
12:22 of 3rd period - Timur Ibragimov wins face-off versus Brendan Gaunce in Sound Tigers zone.
12:24 of 3rd period - Icing by Callahan Burke.
12:25 of 3rd period - Brendan Gaunce wins face-off versus Callahan Burke in Sound Tigers zone.
12:47 of 3rd period - Minor Penalty to Aidan Fulp for Interference.
12:48 of 3rd period - Joel Kiviranta wins face-off versus Philippe Maillet in Condors zone.
13:08 of 3rd period - Shot by Liam O'Brien.
13:08 of 3rd period - Stopped by Peyton Jones without a rebound.
13:09 of 3rd period - Tim Gettinger wins face-off versus Joel Kiviranta in Condors zone.
13:10 of 3rd period - Shot by Logan Morrison.
13:10 of 3rd period - Shot Misses the Net.
13:12 of 3rd period - Shot by Noel Hoefenmayer.
13:12 of 3rd period - Shot Misses the Net.
13:14 of 3rd period - Shot by Jimmy Schuldt.
13:14 of 3rd period - Shot Misses the Net.
14:07 of 3rd period - Shot by Austin Czarnik.
14:07 of 3rd period - Shot Blocked by Bryan Yoon.
14:09 of 3rd period - Shot by Austin Czarnik.
14:09 of 3rd period - Stopped by Peyton Jones without a rebound.
14:10 of 3rd period - Jack Studnicka wins face-off versus Philippe Maillet in Condors zone.
14:10 of 3rd period - Jack Studnicka is hit by Liam O'Brien.
14:28 of 3rd period - Shot by Philippe Maillet.
14:28 of 3rd period - Shot Misses the Net.
14:57 of 3rd period - Shot by Dominic Franco.
14:57 of 3rd period - Shot Misses the Net.
15:13 of 3rd period - Shot by Callahan Burke.
15:13 of 3rd period - Goal by Callahan Burke - Sound Tigers : 1 - Condors : 2.
15:14 of 3rd period - Logan Morrison wins face-off versus Brendan Gaunce in neutral zone.
15:43 of 3rd period - Off-side.
15:44 of 3rd period - Alex Belzile wins face-off versus Callahan Burke in neutral zone.
16:01 of 3rd period - Shot by Alex Belzile.
16:01 of 3rd period - Deflect By Jack Studnicka.
16:01 of 3rd period - Stopped by Kevin Mandolese without a rebound.
16:02 of 3rd period - Steven Fogarty wins face-off versus Kyle Betts in Sound Tigers zone.
16:10 of 3rd period - Minor Penalty to Devante Stephens for Interference.
16:11 of 3rd period - Alex Belzile wins face-off versus Liam O'Brien in Sound Tigers zone.
16:15 of 3rd period - Joel Kiviranta is hit by Helge Grans and loses puck.
17:25 of 3rd period - Shot by Xavier Ouellet.
17:25 of 3rd period - Stopped by Kevin Mandolese with a rebound.
17:48 of 3rd period - Icing by Joel Kiviranta.
17:49 of 3rd period - Alex Belzile wins face-off versus Liam O'Brien in Condors zone.
18:15 of 3rd period - Icing by Callahan Burke.
18:16 of 3rd period - Timur Ibragimov wins face-off versus Steven Fogarty in Sound Tigers zone.
18:16 of 3rd period - Timur Ibragimov is hit by Cameron Wright.
18:47 of 3rd period - Steven Fogarty is hit by Dominic Franco and loses puck.
19:01 of 3rd period - Sound Tigers, Kevin Mandolese is pulled from the net.
19:37 of 3rd period - Philippe Maillet is hit by Cameron Wright and loses puck.
Goals for this period are 1 for Sound Tigers vs 0 for Condors.
Shots for this period are 5 for Sound Tigers vs 15 for Condors.
Back to the Top